 Dungeon Crawl Stone Soup version 0.25.1-8-g42b30a86e7 (webtiles) character file.

Game seed: 10356704088951416548

226 Qrupt the Skirmisher (level 6, -3/66 HPs)
             Began as an Ogre Fighter on Nov 28, 2020.
             Succumbed to an orc's poison
             ... on level 4 of the Dungeon on Nov 30, 2020.
             The game lasted 00:06:35 (3136 turns).

Qrupt the Skirmisher (Ogre Fighter)                 Turns: 3136, Time: 00:06:35

Health: -3/66      AC:  4    Str: 23    XL:     6   Next: 1%
Magic:  6/6        EV:  9    Int:  9    God:
Gold:   130        SH:  9    Dex:  8    Spells: 5/5 levels left

rFire    . . .     SeeInvis .   a - +0 flail
rCold    . . .     Gourm    .   c - +0 kite shield
rNeg     . . .     Faith    .   b - +0 robe
rPois    .         Spirit   .   (helmet restricted)
rElec    .         Reflect  .   r - +0 cloak
rCorr    .         Harm     .   (gloves unavailable)
MR       .....                  (boots unavailable)
Stlth    +.........             u - amulet of magic regeneration
HPRegen  0.21/turn              (no ring)
MPRegen  0.35/turn              (no ring)

@: lethally poisoned (-3 -> -34), berserk cooldown, slowed, very slow
A: large, unfitting armour, tough skin 1
a: no special abilities


You were on level 4 of the Dungeon.
You were near starving.

You visited 1 branch of the dungeon, and saw 4 of its levels.

You collected 130 gold pieces.

Inventory:

Hand Weapons
 a - a +0 flail (weapon)
Armour
 b - a +0 robe (worn)
 c - a +0 kite shield (worn)
 r - a +0 cloak (worn)
Jewellery
 u - an amulet of magic regeneration (around neck)
Wands
 s - a wand of acid (9)
 t - a wand of random effects (22)
Scrolls
 e - 5 scrolls of identify {unknown}
 g - a scroll of enchant armour {unknown}
 h - a scroll of remove curse {unknown}
 i - 2 scrolls of enchant weapon {unknown}
 l - a scroll of magic mapping {unknown}
 o - 3 scrolls of fog {unknown}
 q - a scroll of teleportation {unknown}
Potions
 d - a potion of might
 p - a potion of berserk rage
Comestibles
 f - 8 rations


   Skills:
 + Level 5.5 Fighting
 + Level 3.1 Maces & Flails
 + Level 3.7 Dodging
 + Level 3.7 Shields


You had 5 spell levels left.
You didn't know any spells.
Your spell library was empty.

Dungeon Overview and Level Annotations

Branches:
Dungeon (4/15)
 Temple: D:4-7

Altars:
Ashenzari


Innate Abilities, Weirdness & Mutations

You are too large for most types of armour.
You have tough skin. (AC +1)


Message History

You feel very sick. The orc hits you but does no damage. x2
You feel less wooden.
Your +0 cloak unmelds from your body.
Your +0 robe unmelds from your body.
* * * LOW HITPOINT WARNING * * *
You feel very sick.
The orc hits you from afar with a +1 trident of venom.
* * * LOW HITPOINT WARNING * * *
You are more poisoned.
Unknown command.
Unknown command.
Welcome back, Qrupt the Ogre Fighter.
Press ? for a list of commands and other information.
You're still recovering from your berserk rage.
Okay, then.
Aiming: Corrosive Bolt
Press: ? - help, Shift-Dir - straight line, f - orc
Aim: an orc, wielding a +1 trident of venom The bolt of acid misses the orc.
You die...

.......o##.#
...........#
....(..#.###
......##..# ###
......###.# #.......#
..........#####.......#
.....###<.o..##.......#
..........[...........#
#..........@..........#
#.....#..##.##.......#
#..#...#...<.#.......#
.. ##......#.........#
. #^..##.....#######
..#. ####..# .#... #..#
. #. .... ......


You could see an orc.

Vanquished Creatures
  An orc priest (D:4)
  An orc wizard (D:3)
  Jessica (D:2)
  Ijyb (D:3)
  Terence (D:2)
  An adder (D:2)
  2 oozes
  A worm (D:3)
  5 leopard geckos
  6 orcs (D:3)
  A giant cockroach (D:2)
  10 goblins
  3 hobgoblins
  2 jackals (D:3)
  A quokka (D:4)
  A ball python (D:2)
  9 bats
  4 frilled lizards
  A jackal skeleton (D:3)
  5 kobolds
  9 rats
66 creatures vanquished.

Notes
Turn   | Place    | Note
-------+----------+-------------------------------------------
     0 | D:1      | Qrupt the Ogre Fighter began the quest for the Orb.
     0 | D:1      | Reached XP level 1. HP: 24/24 MP: 1/1
   200 | D:1      | Reached XP level 2. HP: 32/32 MP: 2/2
   743 | D:1      | Reached XP level 3. HP: 40/40 MP: 3/3
   930 | D:2      | Noticed Terence
   956 | D:2      | Killed Terence
   956 | D:2      | Reached XP level 4. HP: 21/49 MP: 4/4
  1624 | D:2      | Noticed Jessica
  1628 | D:2      | Killed Jessica
  1631 | D:2      | Reached skill level 5 in Fighting
  2118 | D:3      | Reached XP level 5. HP: 57/57 MP: 5/5
  2283 | D:3      | Found a shattered altar of Ashenzari.
  2569 | D:3      | Noticed Ijyb
  2591 | D:3      | Killed Ijyb
  3092 | D:4      | Reached XP level 6. HP: 4/66 MP: 6/6
  3092 | D:4      | HP: 3/66 [poisoned by an orc priest]
  3131 | D:4      | HP: 4/99 [poisoned by an orc]
  3135 | D:4      | HP: 1/66 [orc/+1 trident of venom (5)]
  3136 | D:4      | Upgraded the game from 0.25.1-4-g9407a263a5 to
                  | 0.25.1-8-g42b30a86e7
  3136 | D:4      | Succumbed to an orc's poison

Illustrated notes

Levels and vault maps discovered:
D:1:      roderic_crossed_star, layout_basic, st_stairs_11
D:2:      layout_loops_cross, minmay_misc_feat_doors, solitary_fountain,
          minmay_misc_feat_encased, uniq_jessica, uniq_terence
D:3:      layout_basic, ebering_dispersal_statue_hall, ashenzari_altar_1,
          uniq_ijyb
D:4:      layout_rooms, first_ration, chequers_serial_rivers_micro_d,
          hangedman_decor_diamond_cutter, nicolae_ru_awakened_eye

Skill      XL: |  1  2  3  4  5 |
---------------+----------------+-----
Maces & Flails | 2 3 |  3.1
Dodging        | 3 |  3.7
Shields        | 3 |  3.7
Fighting       | 5 |  5.5

Action                   |  1- 3 |  4- 6 || total
-------------------------+-------+-------++-------
Melee: Flail             |    96 |   166 ||   262
Evoke: Wand              |       |     1 ||     1
  Use: Potion            |       |     7 ||     7
 Stab: Sleeping          |       |     1 ||     1
  Eat: Chunk             |       |     6 ||     6
Armor: Robe              |    35 |    53 ||    88
       Skin              |       |    24 ||    24
Dodge: Dodged            |    38 |    64 ||   102
Block: Kite shield       |    62 |    95 ||   157
